Cogmind - Beta 9.4 @@@ ROGUE MODE // 2020.03.07 @ 16:52:08 Player: BlackCaro Result: Destroyed by S-10 Pest with Light Assault Rifle Performance ------------- Evolutions (0) 0 Regions Visited (1) 200 Robots Destroyed (5) 25 Value Destroyed (71) 71 Prototype IDs (0) 0 Alien Tech Used (0) 0 Bonus (0) 0 TOTAL SCORE: 296 Bonus ------- None Cogmind --------- Core Integrity 0/250 Matter 290/300 Energy 98/100 System Corruption 0% Temperature Cool (2) Movement Flying (40) Location -10/Materials Parts ------- > --- POWER (1) -------- (None) > --- PROPULSION (2) --- Flight Unit > --- UTILITY (2) ------ Small Storage Unit > --- WEAPON (2) ------- (None) > --- INVENTORY (6) ---- Ion Engine Aluminum Leg Aluminum Leg Wheel Peak State ------------ > --- POWER ------------ Light Ion Engine > --- PROPULSION ------- Wheel Wheel > --- UTILITY ---------- Small Storage Unit Improved Terrain Scanner > --- WEAPON ----------- EM Pulse Gun Light Assault Rifle > --- INVENTORY -------- Ion Engine Aluminum Leg Aluminum Leg Compact Wheel Medium Laser [Rating: 8] Favorites ----------- Power Light Ion Engine Engine Light Ion Engine Propulsion Wheel Wheel Wheel Flight Unit Flight Unit Utility Small Storage Unit Device Improved Terrain Scanner Storage Small Storage Unit Weapon Light Assault Rifle Energy Gun EM Pulse Gun Ballistic Gun Light Assault Rifle Build | -11 -10 ------- Run | Scr Mat Slots Evolved . | . . Power . | . . Propulsion . | . . Utility . | . . Weapon . | . . Parts Attached 12 | 8 4 Power 1 | 1 . Engine 1 | 1 . Core . | . . Reactor . | . . Propulsion 5 | 3 2 Treads . | . . Leg . | . . Wheel 4 | 3 1 Hover . | . . Flight 1 | . 1 Utility 2 | 2 . Device 1 | 1 . Storage 1 | 1 . Processor . | . . Hackware . | . . Protection . | . . Artifact . | . . Weapon 4 | 2 2 Energy Gun 3 | 1 2 Energy Cannon . | . . Ballistic Gun 1 | 1 . Ballistic Cannon . | . . Launcher . | . . Special Weapon . | . . Impact Weapon . | . . Slashing Weapon . | . . Piercing Weapon . | . . Special Melee Weapon . | . . Unidentified Prototypes . | . . Parts Lost 8 | . 8 Power 1 | . 1 Propulsion 3 | . 3 Utility 1 | . 1 Weapon 3 | . 3 Highest Loss Streak 8 | . 8 Average Slot Usage (%) 81 | . 81 Engine 11 | . 11 Wheel 21 | . 21 Flight 3 | . 3 Device 11 | . 11 Storage 14 | . 14 Energy Gun 11 | . 11 Ballistic Gun 9 | . 9 Naked Turns . | . . Heaviest Build 11 | 11 11 Greatest Support 26 | 26 26 Greatest Overweight (x) 2 | . 2 Average Overweight (x) . | . . Largest Inventory Capacity 6 | 6 6 Average Capacity 5 | 5 6 Most Carried 6 | 6 6 Average Carried 4 | 3 5 Final Capacity 6 | 6 6 Final Carried 6 | 6 4 Class Distribution -------------------- 100% | Mutant Dominant Class ---------------- Mutant | -10/Materials Resources | -11 -10 ----------- Run | Scr Mat Matter Collected 303 | 242 61 Remotely . | . . Salvage Created 131 | 26 105 Parts 11 | 4 7 Haulers Intercepted . | . . Recyclers Shooed . | . . Parts Field Recycled . | . . Retrieved Matter . | . . Parts Self-Destructed . | . . Prevented . | . . Kills | -11 -10 ------- Run | Scr Mat Combat Hostiles Destroyed 4 | . 4 Guns 3 | . 3 AOE 1 | . 1 Classes Destroyed 3 | 1 2 Tunneler 1 | 1 . Swarmer 3 | . 3 Grunt 1 | . 1 Best Kill Streak 2 | 1 2 Combat Bots Only 2 | . 2 Max Kills in Single Turn 1 | 1 1 Gunslinging . | . . Exploded 1 | . 1 Melee . | . . Uniques/NPCs Destroyed . | . . Combat | -11 -10 -------- Run | Scr Mat Damage Taken 700 | . 700 Core 256 | . 256 Absorbed by Shields . | . . Core Remaining (%) 100 | 100 . Volleys Fired 26 | 2 24 Largest 2 | 2 2 Hottest 70 | 60 70 Shots Fired 48 | 4 44 Gun 48 | 4 44 Cannon . | . . Launcher . | . . Special . | . . Kinetic 22 | 2 20 Thermal 12 | . 12 Explosive . | . . Electromagnetic 14 | 2 12 Robot Hit Streak 13 | 4 13 Robot Miss Streak 4 | . 4 Penetration Max . | . . Secondary Targets . | . . Shots Hit Robots 31 | 4 27 Core Hits 10 | 1 9 Critical Hits . | . . Critical Kills . | . . Critical Parts Destroyed . | . . Melee Attacks . | . . Impact . | . . Slashing . | . . Piercing . | . . Sneak Attacks . | . . Combat Hostiles . | . . Follow-up Attacks . | . . Damage Inflicted 354 | 45 309 Guns 342 | 45 297 Cannons . | . . Explosions . | . . Melee . | . . Ramming 12 | . 12 Kinetic 132 | 18 114 Thermal 102 | . 102 Explosive . | . . Electromagnetic 108 | 27 81 Impact . | . . Slashing . | . . Piercing . | . . Highest Corruption . | . . Average Corruption . | . . Corruption Purged . | . . Overload Shots . | . . Overflow Damage . | . . Projectiles . | . . Explosions . | . . Melee . | . . Knockbacks . | . . Impact . | . . Kinetic . | . . Secondary . | . . Self-Inflicted Damage 5 | . 5 Shots . | . . Rammed 4 | . 4 Targets Rammed 4 | . 4 Kicked . | . . Crushed . | . . Highest Temperature 265 | 20 265 Average Temperature 115 | 15 120 Received Heat Transfer 300 | . 300 Effects 3 | . 3 Energy Bleed 1 | . 1 Interference 2 | . 2 Siege Activations . | . . Robots Corrupted . | . . Combat Hostiles . | . . Parts Fried . | . . Impact Corruptions . | . . Robots Melted . | . . Combat Hostiles . | . . Parts Melted . | . . Heat Transferred 296 | . 296 Parts Sabotaged . | . . Parts Stolen . | . . Parts Stripped . | . . Power Chain Reactions . | . . Missiles Intercepted . | . . Alert | -11 -10 ------- Run | Scr Mat Peak Influence 113 | 5 113 Average Influence 42 | 1 63 Maximum Alert Level . | . . Low Security (%) 100 | 100 100 Level 1 . | . . Level 2 . | . . Level 3 . | . . Level 4 . | . . Level 5 . | . . High Security . | . . Max Security . | . . Squads Dispatched . | . . Investigation . | . . Extermination . | . . Reinforcement . | . . Assault . | . . Garrison . | . . Intercept . | . . Construction Impeded . | . . Haulers Reinforced . | . . Stealth | -11 -10 --------- Run | Scr Mat Distress Signals 1 | . 1 Communications Jammed . | . . Distress Signals . | . . Times Spotted 13 | . 13 Peak Tracking Total 8 | . 8 Tactical Retreats 1 | . 1 Traps | -11 -10 ------- Run | Scr Mat Traps Triggered . | . . Indirectly . | . . Trap Hack Attempts . | . . Triggered . | . . Disarmed . | . . Reprogrammed . | . . Reused . | . . Traps Extracted . | . . Installed . | . . Triggered . | . . Machines | -11 -10 ---------- Run | Scr Mat Machines Disabled . | . . Max in Single Turn . | . . Machines Sabotaged . | . . Garrisons Compromised . | . . Overloaded Fab Kills . | . . Fab Network Shutdowns . | . . Hacking | -11 -10 --------- Run | Scr Mat Machines Accessed 1 | . 1 Terminals 1 | . 1 Fabricators . | . . Repair Stations . | . . Recycling Units . | . . Scanalyzers . | . . Garrison Access . | . . Total Hacks 4 | . 4 Successful 3 | . 3 Failed 1 | . 1 Catastrophic . | . . Database Lockouts . | . . Manual 2 | . 2 Terminals 4 | . 4 Fabricators . | . . Repair Stations . | . . Recycling Units . | . . Scanalyzers . | . . Garrison Access . | . . Terminal Hacks 2 | . 2 Locate Traps 1 | . 1 Zone Layout 1 | . 1 Fabricator Hacks . | . . Repair Station Hacks . | . . Recycling Unit Hacks . | . . Scanalyzer . | . . Garrison Access Hacks . | . . Unauthorized Hacks 3 | . 3 Terminals 1 | . 1 Botnet 1 | . 1 Fabricators . | . . Repair Stations . | . . Recycling Units . | . . Scanalyzers . | . . Garrison Access . | . . Data Cores Recovered . | . . Used . | . . Hacking Detections 1 | . 1 Full Trace Events . | . . Feedback Events . | . . Feedback Blocked . | . . Robot Schematics Acquired . | . . Robots Built . | . . Matter . | . . Time . | . . Total Robot Build Rating . | . . Part Schematics Acquired . | . . Parts Built . | . . Matter . | . . Time . | . . Total Part Build Rating . | . . Parts Repaired . | . . Time . | . . Parts Recycled . | . . Recycled Matter . | . . Retrieved Matter . | . . Retrieved Components . | . . Parts Scanalyzed . | . . Part Schematics Acquired . | . . Parts Damaged . | . . Bothacking | -11 -10 ------------ Run | Scr Mat Used RIF Installer . | . . Robots Hacked . | . . Non-combat . | . . Combat . | . . Robot Hacks Applied . | . . Relay Couplers Released . | . . Robots Rewired . | . . Allies Hacked . | . . Hacks Repelled . | . . Allies | -11 -10 -------- Run | Scr Mat Total Allies . | . . Largest Group . | . . Highest-Rated Group . | . . Highest-Rated Ally . | . . Total Orders . | . . Ally Attacks . | . . Total Damage . | . . Kills . | . . Allies Corrupted . | . . Allies Melted . | . . Intel | -11 -10 ------- Run | Scr Mat Robot Analysis Total . | . . Derelict Logs Recovered . | . . Drone Launches . | . . Drone Recoveries . | . . Exploration | -11 -10 ------------- Run | Scr Mat Turns Passed 209 | 71 138 Spaces Moved 157 | 55 102 Core 10 | 4 6 Treads . | . . Legs . | . . Wheels 98 | 51 47 Hover . | . . Flight 49 | . 49 Fastest Speed 40 | 50 40 Average Speed 70 | 85 62 Slowest Speed 150 | 90 150 Overloaded Moves . | . . Propulsion Burnouts . | . . Robots Hopped . | . . Cave-ins Triggered . | . . Exploration Rate (%) 14 | 3 25 Regions Visited 1 Branch Regions . Pre-discovered Areas . | . . Known Exits Taken . | . . Unknown Exits Taken 1 | 1 . Scrap Searched . | . . Spaces Dug . | . . Terrain Destroyed . | . . Melee . | . . Projectile . | . . AOE . | . . Actions | -11 -10 --------- Run | Scr Mat Total 207 | 72 135 Wait 1 | . 1 Move 156 | 54 102 Hop . | . . Pick Up 6 | 6 . Fast Attach 9 | 8 1 Attach 2 | . 2 Detach 1 | 1 . Swap 1 | . 1 Drop 1 | 1 . Fire 26 | 2 24 Melee . | . . Ram 4 | . 4 Kick . | . . Crush . | . . Escape Stasis . | . . Rewire . | . . Trap . | . . Miscellaneous . | . . Route ------- -11/Scrapyard -10/Materials History --------- Turn | Location | Event 23 | -11/Scrapyard | Discovered new exit (range 15) 72 | -11/Scrapyard | Entered Materials 171 | -10/Materials | Core integrity fell below 50% 185 | -10/Materials | Core integrity fell below 20% 210 | -10/Materials | Destroyed by S-10 Pest with Light Assault Rifle Last Messages --------------- 00158_ Destroyed Lgt. Nuclear Core. 00162_ G-47 Trooper heat short circuits Broken Imp. Heat Sink. 00168_ Lgt. Assault Rifle destroyed. 00169_ Overheating: System interference. 00169_ Med. Laser temporarily disabled. 00169_ Imp. Terrain Scanner temporarily disabled. 00172_ Overheating: Energy bleed (-16). 00176_ Med. Laser destroyed. 00178_ Acquired 50 matter. 00178_ Wheel destroyed. 00178_ EM Pulse Gun destroyed. 00179_ Slammed into G-34 Mercenary. 00181_ Acquired 11 matter. 00181_ Slammed into G-34 Mercenary. 00182_ Com. Wheel destroyed. 00183_ Lgt. Ion Engine destroyed. 00183_ Imp. Terrain Scanner destroyed. 00189_ Acquired Flight Unit. 00190_ U-05 Engineer repairs door. 00195_ K-01 Serf collects debris. Map ----- +----------------------------------------------------+ | | | | | | | | | | | | | | | | | | | | | | | | | | | | | | | | | ??????????????###############?????? | | ??????????????# ##????? | | ??????????????# #?????? | | ??????????????# #?????? | | ??????????????# #?????? | | ??#???????????# #?????? | | ??# ########## #?????? | | ??# ####+#####+########## | | ??# #??# | | ??# @ #??# T | | ??# s #??# | | ??# ###### """ #??##+#### | | ??????????# s""" ###### #???# #??? | | ????????? s""" ##???# #??## #### | | ???????!! T#???# #??# | | ??????#!! ##???# #??# | | ??????#!! == ######+#### | | ??????#!! = # # ### | | ??????#!! # # #?# | | ??????##### # # ##? | | ??????????# # + #?? | | ?????????? """ # # ##? | | ?????????+ """ # # #?? | | ?????????# ??? # # #?? | | ?????????? ?????# # #?? | | ??????????????????###########^^^#?? | | ????????????????????????????#^^^#?? | | ????????????????????????????# #?? | | ????????????????????????????? #?? | | ????????????????????????????? #?? | | ????????????????????????????? #?? | | ????????????????????????????? ?? | | ????????????????????????????? ?? | | ????????????????????????????? T ?? | +----------------------------------------------------+ Best States ------------- Heat Dissipation 25 Energy Generation 10 Energy Capacity 125 Matter Stores 290 Matter Capacity 300 Sight Range 16 Terrain Scan Range 16 Terrain Scan Density 10 Evasion (%) 62 Item Schematics ----------------- None Robot Schematics ------------------ None Fabricated ------------ Nothing Alien Tech Used ----------------- None Achievements -------------- None Challenges ------------ None Game ------ Seed RocketFissionLog Manual? 0 Play Time 00:05:03 Cumulative 39.2 hours Start 2020.03.07 @ 16:49:06 End 2020.03.07 @ 16:52:08 Sessions 1 Manual Loads 0 Difficulty Rogue Special Mode None Game No. 31 Rogue 31 Adventurer 0 Explorer 0 Win Type - Total 0 Types 0/0/0/0/0/0/0 Lore% 26 Gallery% 42 Achievement% 30 Wizard Run 0 Options --------- ASCII 0 Keyboard 1 Movement Vi Keybinds 0 Fullscreen 1 Font 18/SmallcapsGlow Map View 76x50 Tactical HUD 1 Map Filters NONE Filters NONE Steam 0 RUN: eff63c13-1147-46a3-bfcf-32d30b6998cd